 Dungeon Crawl Stone Soup version 0.21.0-25-ge575cb9ce8 (webtiles) character file.

2559 Minato the Carver (level 9, -2/103 HPs)
             Began as a Human Berserker on Jan 25, 2018.
             Was a Priest of Trog.
             Slain by an orc warrior
             ... wielding a cursed +0 flail
              (5 damage)
             ... on level 6 of the Dungeon.
             The game lasted 00:28:43 (9690 turns).

Minato the Carver (Human Berserker)                 Turns: 9690, Time: 00:28:43

Health: -2/103     AC: 13    Str: 25    XL:     9   Next: 86%
Magic:  9/9        EV:  7    Int:  7    God:    Trog [***...]
Gold:   346        SH: 10    Dex: 14    Spells: 8/8 levels left

rFire    . . .     SeeInvis .   s - +0 falchion
rCold    . . .     Gourm    +   f - +0 shield
rNeg     . . .     Faith    .   y - +0 plate armour
rPois    .         Spirit   .   (no helmet)
rElec    .         Reflect  .   (no cloak)
rCorr    .         Harm     .   m - +0 pair of gloves
MR       .....                  (no boots)
Stlth    ..........             h - amulet of the gourmand
HPRegen  0.27/turn              (no ring)
MPRegen  0.11/turn              (no ring)

@: berserking, very quick
A: no striking features
a: Berserk, Trog's Hand, Burn Spellbooks, Renounce Religion


You were on level 6 of the Dungeon.
You worshipped Trog.
Trog was most pleased with you.
You were full.

You visited 2 branches of the dungeon, and saw 7 of its levels.

You collected 346 gold pieces.

Inventory:

Hand Weapons
 a - a +0 falchion
 l - a +0 scythe of flaming
 s - a +0 falchion (weapon)
Armour
 f - a +0 shield (worn)
 m - a +0 pair of gloves (worn)
 y - a +0 plate armour (worn)
Jewellery
 h - an amulet of the gourmand (around neck)
Wands
 i - a wand of random effects (28)
 k - a wand of digging (11)
 n - a wand of flame (28)
Scrolls
 b - a scroll of amnesia {unknown}
 d - 7 scrolls of teleportation
 e - 4 scrolls of identify
 p - a scroll of fear
 q - 2 scrolls of enchant weapon
 t - a scroll of holy word {unknown}
 v - a scroll of torment {unknown}
 w - 2 scrolls of remove curse
Potions
 c - a potion of berserk rage
 g - 3 potions of brilliance
 o - 2 potions of agility {unknown}
 r - a potion of curing
 u - a potion of invisibility {unknown}
 x - 2 potions of heal wounds
Comestibles
 j - 3 rations


   Skills:
 + Level 6.1 Fighting
 + Level 8.2 Long Blades
 * Level 6.0 Armour
 - Level 5.0 Dodging
 + Level 2.0 Stealth
 * Level 3.3 Shields
 + Level 0.2 Evocations


You had 8 spell levels left.
You didn't know any spells.

Dungeon Overview and Level Annotations

Branches:
Dungeon (6/15)             Temple (1/1) D:6

Altars:
Ashenzari
Dithmenos
Elyvilon
Fedhas
Gozag
Hepliaklqana
Kikubaaqudgha
Makhleb
Nemelex Xobeh
Okawaru
Qazlal
Ru
Sif Muna
Trog
Uskayaw
Vehumet
Wu Jian
Xom
Yredelemnul
Zin
The Shining One

Shops:
D:5 %


Message History

Your shield and plate armour prevent you from hitting the orc warrior.
The orc warrior is almost dead.
You closely miss the orc warrior.
The orc warrior is almost dead.
The orc warrior completely misses you.
You riposte.
Your plate armour prevents you from hitting the orc warrior.
The orc warrior is almost dead.
You closely miss the orc warrior.
The orc warrior is almost dead.
You hit the orc warrior but do no damage.
The orc warrior is almost dead.
The orc warrior hits you with a flail!
* * * LOW HITPOINT WARNING * * *
You are too berserk!
You hit the orc warrior.
The orc warrior is almost dead.
You closely miss the orc warrior.
The orc warrior is almost dead.
The orc warrior hits you with a flail.
You die...

##.)!####
#########[.##
#........)##
#.....<...#
#.........#
##.........#
#..........##
#...........#
#......)o@..#
#...........#
#...........#
#..........##
#..........#
#..........#
#..........#
#.....>....#


You could see an orc warrior.

Vanquished Creatures
  An ugly thing (D:3)
  Grinder (D:3)
  Sigmund (D:2)
  A water moccasin (D:4)
  6 ogres
  A centaur (D:6)
  2 bullfrogs (D:6)
  2 howler monkeys
  3 vampire bats (D:3)
  2 electric eels (D:4)
  3 crimson imps (D:5)
  4 hounds
  2 jellies (D:5)
  3 orc priests
  An iguana (D:5)
  3 orc wizards
  4 worker ants
  4 adders
  2 river rats (D:3)
  An ooze (D:3)
  2 adder skeletons
  3 worms (D:3)
  3 leopard geckos
  26 orcs
  3 bats
  A bat skeleton (D:3)
  4 bat zombies (D:3)
  7 giant cockroaches
  5 hobgoblins (D:1)
  A jackal (D:5)
  6 kobolds
  6 frilled lizards
  7 goblins
  A leopard gecko skeleton (D:6)
  A quokka skeleton (D:5)
  6 rats
129 creatures vanquished.

Notes
Turn   | Place    | Note
-------+----------+-------------------------------------------
     0 | D:1      | Minato the Human Berserker began the quest for the Orb.
     0 | D:1      | Reached XP level 1. HP: 18/18 MP: 1/1
   111 | D:1      | Reached XP level 2. HP: 24/24 MP: 2/2
   881 | D:2      | Reached XP level 3. HP: 29/29 MP: 3/3
   971 | D:2      | Noticed Sigmund
  1010 | D:2      | Killed Sigmund
  1010 | D:2      | Reached skill level 4 in Long Blades
  1010 | D:2      | Reached XP level 4. HP: 26/37 MP: 4/4
  1010 | D:2      | Reached XP level 5. HP: 30/42 MP: 5/5
  1317 | D:2      | Found a burning altar of Makhleb.
  1331 | D:2      | Reached ** piety under Trog
  1331 | D:2      | Reached XP level 6. HP: 21/48 MP: 6/6
  1908 | D:3      | Found a transporter.
  1909 | D:3      | Noticed a purple ugly thing
  1910 | D:3      | Found a basalt altar of Yredelemnul.
  2191 | D:3      | Noticed Grinder
  2191 | D:3      | Paralysed by Grinder for 7 turns
  2209 | D:3      | Killed Grinder
  2209 | D:3      | Reached skill level 5 in Long Blades
  2209 | D:3      | Reached XP level 7. HP: 13/55 MP: 7/7
  2597 | D:3      | Found an ancient bone altar of Kikubaaqudgha.
  2680 | D:3      | Found a transporter.
  3019 | D:3      | Reached skill level 6 in Long Blades
  3403 | D:3      | You fall through a shaft!
  3794 | D:3      | Killed a purple ugly thing
  3794 | D:3      | Reached skill level 5 in Fighting
  3794 | D:3      | Reached skill level 1 in Stealth
  3794 | D:3      | Reached XP level 8. HP: 58/62 MP: 8/8
  4096 | D:4      | Reached skill level 7 in Long Blades
  4096 | D:4      | Reached skill level 5 in Dodging
  5245 | D:4      | Found a transporter.
  5259 | D:4      | Reached XP level 9. HP: 67/68 MP: 9/9
  5270 | D:4      | Found a transporter.
  6039 | D:4      | Found a deep blue altar of Sif Muna.
  6097 | D:5      | Entered Level 5 of the Dungeon
  6106 | D:5      | Found a glowing golden altar of the Shining One.
  6153 | D:5      | Reached skill level 1 in Shields
  7065 | D:5      | Reached skill level 5 in Armour
  7352 | D:5      | Found a shadowy altar of Dithmenos.
  7403 | D:5      | Found Tatt's Food Emporium.
  7642 | D:5      | Reached *** piety under Trog
  8206 | D:5      | Found the +5 scythe "Finisher" {speed, Str+3}
  8347 | D:5      | Reached skill level 8 in Long Blades
  8751 | D:6      | Found a staircase to the Ecumenical Temple.
  8757 | Temple   | Entered the Ecumenical Temple
  9688 | D:6      | HP: 3/103 [orc warrior/flail (12)]
  9690 | D:6      | Slain by an orc warrior

Skill      XL: |  1  2  3  4  5  6  7  8  9 |
---------------+----------------------------+-----
Fighting       | 4 5 6 |  6.1
Long Blades    | 4 5 6 7 8 |  8.2
Dodging        | 3 4 5 |  5.0
Armour         | 3 4 6 |  6.0
Stealth        | 1 2 |  2.0
Shields        | 3 |  3.3
Evocations     | |  0.2

Action                   |  1- 3 |  4- 6 |  7- 9 || total
-------------------------+-------+-------+-------++-------
Melee: Falchion          |    47 |    70 |   538 ||   655
Invok: Berserk           |     1 |     2 |    14 ||    17
Evoke: Wand              |       |       |     1 ||     1
  Use: Scroll            |       |     3 |     3 ||     6
       Potion            |       |       |     4 ||     4
 Stab: Sleeping          |       |       |     2 ||     2
  Eat: Ration            |     3 |     1 |    12 ||    16
Armor: Animal skin       |     1 |       |       ||     1
       Leather armour    |    14 |    16 |    45 ||    75
       Ring mail         |       |       |    49 ||    49
       Plate armour      |       |       |    60 ||    60
Dodge: Dodged            |    40 |    63 |   192 ||   295
Block: Shield            |       |       |   131 ||   131
       Rpst.: Falchion   |     7 |    15 |    69 ||    91
